groovejumper, neutral female human Wizard ------ ##.....-##%####### -------------- ----------- # |....| K |.KK........%| ##-..........##### |....| f@@.KK.%.......| # |.}..|....| ## ------ -------------- ### |}.}.|....|#### # |.}.{|...>|# # ### |....|.....# ### -------- # |....|....|################################* |...).<.##0#########|.........|# ###--.----- -----|----- |......| # #-----------# #.......| |.........| |......-##### 0###################|......| ##..........| -------- |......| # |.........| |.......########## ----------- |.>)...| |......| -------- groovejumper the Thaumaturge Experience level: 7 Strength: 11 Dexterity: 17 Constitution: 13 Intelligence: 18 Wisdom: 10 Charisma: 8 Health: 0(75) Energy: 93(98) AC: 10 Gold: 0 Moves: 2954 Your Inventory: Weapons a - a blessed +2 quarterstaff Armor b - a blessed +0 cloak of magic resistance r - an uncursed +0 pair of kicking boots Comestibles o - an [uncursed] avacado p - an [uncursed] food ration E - 5 [uncursed] food rations T - an [uncursed] lichen corpse Scrolls g - an [uncursed] scroll of light h - a blessed scroll of fire i - a [blessed] scroll of light j - a blessed scroll of light n - an uncursed scroll of enchant weapon q - an [uncursed] scroll of confuse monster s - an uncursed scroll of confuse monster v - an uncursed scroll of magic mapping x - an uncursed scroll of destroy armor y - 2 [uncursed] scrolls of identify A - a cursed scroll of enchant armor U - 2 [uncursed] unlabeled scrolls [of blank paper] V - 2 uncursed scrolls of enchant armor W - 2 uncursed scrolls of taming X - 2 [uncursed] scrolls of identify Y - a blessed scroll of earth Z - 2 blessed scrolls of remove curse Spellbooks k - a blessed spellbook of force bolt l - an uncursed spellbook of magic missile Potions u - a cursed potion of acid M - 5 uncursed clear potions [of water] Rings d - an uncursed ring of searching e - an uncursed ring of polymorph (on right hand) Wands c - an uncursed wand of fire (0:3) w - an uncursed wand of striking (0:7) F - an uncursed wand of probing (0:5) J - an uncursed wand of sleep (0:6) R - an uncursed wand of striking (0:2) Tools I - an uncursed magic marker (0:25) Q - an [uncursed] key [skeleton key] Spells known in the end: Name Level Category Fail Memory a - force bolt 1 attack 0% [|||||||.] b - magic missile 2 attack 0% [|||||||.] c - sleep 1 enchantment 0% [||||||||] d - knock 1 matter 0% [||||||||] e - confuse monster 2 enchantment 0% [||||||||] f - cure sickness 3 healing 77% [||||||||] g - detect monsters 1 divination 0% [||||||||] Your skills at the end: Fighting Skills Weapon Skills quarterstaff [Basic / Expert] Spellcasting Skills attack spells [Basic / Expert] enchantment spells [Basic / Skilled] Final Attributes: You had sinned. Hunger level was 624. Your alignment was -4 / 24. Monster difficulty range was 0 - 5. Level difficulty was 4. You were telepathic. You were polymorphing. You were unlucky (-1). You are dead. Vanquished creatures: a shopkeeper a small mimic a leprechaun 2 giant ants a floating eye an orc zombie an iguana an acid blob a cave spider a brown mold a yellow mold a Keystone Kop a gnome zombie 3 geckos 3 jackals 2 sewer rats a grid bug 4 lichens 4 newts 31 creatures vanquished. Voluntary challenges: You were an atheist. You used a wielded weapon 28 times. You read items or engraved 10 times. You put on armor 2 times. You never genocided any monsters. You never polymorphed an object. You changed form 6 times. You used no wishes. You never wrote Elbereth's name. You never encountered a bones level. You never used any Sokoban shortcuts. Dungeon overview: The Dungeons of Doom: levels 1 to 4 Level 1 a fountain a long staircase Level 2 a general store, a fountain Level 3 a sink Level 4 <- You were here a scroll shop, a fountain stairs to The Gnomish Mines The Gnomish Mines: Level 5 stairs to The Dungeons of Doom History has recorded: On T:1 you entered the Dungeons of Doom to retrieve the Amulet of Yendor! On T:297 you reached level 2 of The Dungeons of Doom. On T:386 you advanced to experience level 2. On T:701 you reached level 3 of The Dungeons of Doom. On T:1124 you advanced to experience level 3. On T:1817 you advanced to experience level 4. On T:1860 you advanced to experience level 5. On T:2357 you reached level 4 of The Dungeons of Doom. On T:2489 you reached level 1 of The Gnomish Mines. On T:2700 you advanced to experience level 6. Latest messages: The door crashes open! Lahinch can move again. You escaped the shop without paying! You stole 3288 zorkmids worth of merchandise. An alarm sounds! The Keystone Kops are after you! You hear some noises. Lahinch zaps a wand of striking! The wand hits you! Wizard, your life force is running out. The wand hits the Keystone Kop! The Keystone Kop is killed! [HP-17=4] You see here a Keystone Kop corpse. Taro bites the Keystone Kop. The Keystone Kop misses Taro. Lahinch zaps a wand of striking! The wand hits you! You die... Lahinch takes all your possessions. Final status: Goodbye groovejumper the Wizard... You died in The Dungeons of Doom on dungeon level 4 with 2188 points, and 0 pieces of gold, after 2954 moves. You were level 7 with a maximum of 75 hit points when you died.